[Event "Torneo Nuevo Centro. Jornada 10"]
[Site "Chess.com"]
[Date "2020.08.21"]
[Round "8"]
[White "Yatseta Fernandez, Marc Kazymyr"]
[Black "Hernández Tomás, Efrén"]
[Result "1-0"]
[WhiteElo "1459"]
[BlackElo "1105"]
[TimeControl "180+2"]
[EndTime "11:59:23 PDT"]
[Termination "Victoria de K_73 por jaque mate"]

1. d4 d5 2. c4 c5 3. dxc5 e6 4. Nc3 Bxc5 5. cxd5 exd5 6. Qxd5 Qxd5 7. Nxd5 Na6 8. e4 Be6 9. Bxa6 Bxd5 10. exd5 bxa6 11. Nf3 Nf6 12. O-O Nxd5 13. Re1+ Ne7 14. Bf4 O-O 15. Rac1 Bb4 16. Re4 Nd5 17. Bg3 Rac8 18. Rec4 Rxc4 19. Rxc4 Rd8 20. Rd4 Bc5 21. Rd1 Kf8 22. Ng5 h6 23. Ne4 Ke7 24. Nxc5 Nf6 25. Rxd8 Kxd8 26. Nxa6 Nd5 27.
Kf1 Ke7 28. Nc5 Nb4 29. a3 Nc2 30. Ke2 a5 31. Kd2 Nd4 32. Be5 Nf5 33. g4 f6 34.
gxf5 fxe5 35. b4 axb4 36. axb4 Kd6 37. Kd3 Kd5 38. f3 h5 39. h4 Kd6 40. Kc4 Kc6 41.
b5+ Kb6 42. Nd7+ Kc7 43. Nxe5 Kb6 44. Nd7+ Kc7 45. Nf8 Kb6 46. Ne6 g5 47. fxg6 Kb7 48.
g7 Kb6 49. g8=Q Ka5 50. Qa8+ Kb6 51. Qa6# 1

[Event "Torneo Nuevo Centro. Jornada 10"]
[Site "Chess.com"]
[Date "2020.08.21"]
[Round "8"]
[White "Valverde Alcaide, Miguel Alejandro"]
[Black "Ortiz Benavent, Alba"]
[Result "0-1"]
[WhiteElo "906"]
[BlackElo "1207"]
[TimeControl "180+2"]
[EndTime "11:59:27 PDT"]
[Termination "Victoria de or20 por tiempo"]

1. e4 e5 2. Nf3 Nc6 3. Bc4 Bc5 4.
O-O d6 5. Bxf7+ Kxf7 6. Ng5+ Qxg5 7. d4 Qg6 8. dxc5 Bh3 9. Qf3+ Nf6 10. Kh1 Bg4 11.
Qg3 Be2 12. Qxg6+ hxg6 13. Re1 Bc4 14. Nc3 Rh7 15. Bg5 Ne7 16. b3 Be6 17. Rf1 Rah8 18. h4 Rh5 19. Kg1 Nh7 20. g4 Bxg4 21. f4 Nxg5 22.
fxg5+ Ke6 23. Rf2 Rxh4 24. Kg2 Rh2+ 25. Kg3 Rxf2 26. Kxf2 Rh3 27. Rg1 Rxc3 28. Rxg4 Rxc2+ 29. Ke3 Rxa2 30. Kd3 Rf2 31. Ke3 Rf4 32. Rg1 Rh4 33. Rf1 Rf4 34. Rh1 Kf7 35. Rh8 dxc5 36. Ra8 a6 37.
Ra7 b6 38. Rxa6 Nc6 0

[Event "Torneo Nuevo Centro. Jornada 10"]
[Site "Chess.com"]
[Date "2020.08.21"]
[Round "8"]
[White "Rabbani Perez, Oumaima "]
[Black "Grigorev, Artur "]
[Result "0-1"]
[WhiteElo "711"]
[BlackElo "919"]
[TimeControl "180+2"]
[EndTime "11:59:35 PDT"]
[Termination "Victoria de Arturiog por tiempo"]

1. e3 d5 2. d4 Bf5 3. Bb5+ Nc6 4. Nf3 a6 5. Bd3 Bxd3 6. cxd3 e6 7. O-O Bd6 8. h3 Nf6 9. Nc3 O-O 10. Bd2 b5 11.
Ne2 Rb8 12. Rc1 Nb4 13. a3 Na2 14. Rc6 Qd7 15. Rxa6 Qc8 16. Rc6 b4 17. axb4 Nxb4 18. Rc1 Nxd3 19. Ng5 Rxb2 20. Rc2 Rxc2 21. Qxc2 Nb4 22.
Qxh7+ Nxh7 23. Nf3 Na6 24. Ba5 Qa8 25. Nc1 Nb8 26. Bc3 Qa3 27. Bd2 Bb4 28. Bxb4 Qxb4 29.
Ne5 Na6 30. Nc6 Qb5 31. Ne7+ Kh8 32. Rd1 Qb8 33. Rd3 Ng5 34. Ra3 Nb4 0

[Event "Torneo Nuevo Centro. Jornada 10"]
[Site "Chess.com"]
[Date "2020.08.21"]
[Round "8"]
[White "Fenollar Jorda, Manolo"]
[Black "Serarols Mabras, Bernat"]
[Result "0-1"]
[WhiteElo "2475"]
[BlackElo "2483"]
[TimeControl "180+2"]
[EndTime "11:59:39 PDT"]
[Termination "Victoria de bernatserarols por abandono"]

1. d4 d5 2. Nf3 c5 3. c3 Nf6 4. e3 Bg4 5. dxc5 e6 6. b4 Be7 7.
Be2 O-O 8. O-O b6 9. cxb6 Qxb6 10. Bb2 Rc8 11. Nbd2 Nbd7 12. h3 Bf5 13. Nb3 Ne4 14.
Bd3 Nd6 15. Bxf5 Nxf5 16. Nfd4 Nd6 17. a4 Ne4 18. Rc1 Ne5 19. Qe2 Nc4 20. a5 Qb7 21. Ba1 Bf6 22. Rfd1 Rc7 23. f3 Ng3 24. Qf2 Bh4 25. Nc5 Qc8 26. f4 Nf5 27. Qf3 Nfxe3 28. Rd3 e5 29. Nb5 Rxc5 30. bxc5 e4 31. Qe2 exd3 32.
Qxd3 Qxc5 33. Nd4 Re8 34. Kh2 Qc7 35. g3 Bf6 36. Rb1 Bxd4 37. cxd4 h5 38. a6 h4 39. Rb7 hxg3+ 40. Kxg3 Qc6 41. Rxa7 Qf6 42. Bc3 Nf5+ 43.
Kh2 Re3 44. Qc2 Qg6 45. Ra8+ Kh7 46. Be1 Rxe1 47. Qf2 Re3 48. a7 Ra3 49. Rd8 Rxa7 50. Rxd5 Nce3 51. Re5 Rc7 52. Rc5 Rxc5 53. dxc5 Qc6 0

[Event "Torneo Nuevo Centro. Jornada 10"]
[Site "Chess.com"]
[Date "2020.08.21"]
[Round "8"]
[White "Sos Andreu, Eric"]
[Black "Chernikov, Vladimir"]
[Result "1-0"]
[WhiteElo "2516"]
[BlackElo "2220"]
[TimeControl "180+2"]
[EndTime "11:59:41 PDT"]
[Termination "Victoria de ericovski por tiempo"]

1. d4 Nf6 2. c4 e5 3. dxe5 Ng4 4. Bf4 g5 5. Bg3 Bg7 6. Nf3 Nc6 7. h4 Ngxe5 8.
Nxe5 Nxe5 9. e4 d6 10. Nc3 g4 11.
h5 h6 12. Bh4 Qd7 13. Nd5 O-O 14. Qd2 f5 15. exf5 c6 16. Ne7+ Kh7 17. O-O-O Rf7 18.
Qxd6 Qxd6 19. Rxd6 Bxf5 20. Nxf5 Rxf5 21. Bg3 Re8 22. Be2 Nxc4 23. Bxc4 Rc5 24. b3 b5 25. Rd2 bxc4 26. bxc4 Rxc4+ 27. Rc2 Rb4 28. Rd1 Rb7 29. Rxc6 Bh8 30. Rc2 Bf6 31. Bf4 a5 32. Rd6 Bg7 33. Kd2 a4 34. Be3 Bf8 35. Rd5 Bb4+ 36. Kd3 a3 37. Rc6 Bf8 38. Bd4 1

[Event "Torneo Nuevo Centro. Jornada 10"]
[Site "Chess.com"]
[Date "2020.08.21"]
[Round "8"]
[White "Martínez Escandell, Alfonso"]
[Black "Pedros Viudes, Santiago"]
[Result "1-0"]
[WhiteElo "1895"]
[BlackElo "1924"]
[TimeControl "180+2"]
[EndTime "11:59:43 PDT"]
[Termination "Victoria de Alfonso10 por abandono"]

1. e4 Nc6 2. Nf3 e5 3. Bb5 a6 4. Ba4 Nf6 5. c3 Bc5 6. O-O O-O 7. d4 exd4 8. e5 Nd5 9. cxd4 Ba7 10. Bg5 Qe8 11. Bb3 Nce7 12. Qd3 h6 13. Bxe7 Nxe7 14. Re1 Ng6 15. Qxg6 Kh8 16. Qd3 Qe7 17. Nc3 b5 18. Bc2 g6 19. Qe4 Rb8 20. Nd5 Qd8 21. Nf6 d5 22. Qh4 Kg7 23. Rac1 Rb6 24. Qg3 Re6 25.
Bb3 c6 26. Nh5+ Kh7 27. Nf4 Qe8 28. Nxe6 Bxe6 29. Qf4 Qd7 30. Re2 Rc8 31. Qh4 Kg7 32.
Qf6+ Kh7 33. Rec2 a5 34. a3 a4 35. Ba2 Bg4 36. Rxc6 Rxc6 37. Qxc6 Qf5 38. Rc3 Qf4 39. Qf6 1

[Event "Torneo Nuevo Centro. Jornada 10"]
[Site "Chess.com"]
[Date "2020.08.21"]
[Round "8"]
[White "Gracia Calvo, Andrés"]
[Black "Mellado Sais, Carles"]
[Result "1-0"]
[WhiteElo "1792"]
[BlackElo "1392"]
[TimeControl "180+2"]
[EndTime "12:00:07 PDT"]
[Termination "Victoria de andresjaque21 por jaque mate"]

1. d4 Nf6 2. Nf3 g6 3. Bf4 Bg7 4. e3 O-O 5. c4 d6 6. Nc3 Nbd7 7. h3 Re8 8. Be2 e5 9. dxe5 dxe5 10. Nxe5 Nxe5 11.
Qxd8 Rxd8 12. Bxe5 c6 13. Rd1 Bf5 14. g4 Be6 15. f4 Rxd1+ 16. Bxd1 Bxc4 17. b3 Bd5 18. Nxd5 Nxd5 19. Bxg7 Kxg7 20. Kf2 Re8 21. Re1 Nc3 22.
a3 f5 23. Bc2 fxg4 24. hxg4 Kf6 25. e4 g5 26. e5+ Ke6 27. f5+ Kd5 28. e6 Nb5 29. a4 Nd6 30. Rd1+ Kc5 31. b4+ Kb6 32.
Rxd6 Kc7 33. Rd7+ Kc8 34. Rxh7 Rd8 35. Ke3 Re8 36. Bb3 a6 37. f6 Kd8 38. e7+ Kd7 39.
Bc2 b5 40. axb5 cxb5 41. Bf5+ Kd6 42. Kd4 Kc6 43. Ke5 a5 44. bxa5 b4 45. Ke6 b3 46. f7 Rb8 47. e8=Q+ Rxe8+ 48. fxe8=Q+ Kc5 49. Qd8 b2 50. Rc7+ Kb5 51. Qb8+ Ka4 52. a6 b1=Q 53. Qxb1 Ka5 54. a7 Ka4 55. a8=Q# 1

[Event "Torneo Nuevo Centro. Jornada 10"]
[Site "Chess.com"]
[Date "2020.08.21"]
[Round "8"]
[White "Gimenez Saiz, Jose Raul"]
[Black "Beneyto de Ramon, Guillermo"]
[Result "1-0"]
[WhiteElo "1889"]
[BlackElo "1660"]
[TimeControl "180+2"]
[EndTime "12:00:12 PDT"]
[Termination "Victoria de rango013 por jaque mate"]

1. d4 d5 2. e3 e6 3. Bd3 c6 4. f4 f5 5. Nf3 Nf6 6. O-O Bd6 7. b3 Qc7 8. c4 O-O 9. Ba3 Bxa3 10. Nxa3 Nbd7 11.
Nb1 Qd6 12. Nc3 Qe7 13. Ne5 Nxe5 14. fxe5 Ne4 15. Bxe4 fxe4 16. Rxf8+ Qxf8 17. Qd2 Bd7 18. Rf1 Qe7 19. Qf2 Be8 20. g4 Bg6 21. Ne2 Rf8 22. Qxf8+ Qxf8 23. Rxf8+ Kxf8 24. Nf4 Ke7 25. c5 Kf7 26. h4 h6 27. Kf2 Bh7 28. Kg3 g5 29. hxg5 hxg5 30. Ne2 Ke7 31. Ng1 Bg6 32. Nh3 b6 33.
Nxg5 bxc5 34. dxc5 a5 35. Nh3 Kd7 36. Nf4 Bf5 37.
gxf5 exf5 38. Kh4 Ke7 39. Kg5 Kf7 40. Kxf5 Ke7 41. Ng6+ Kf7 42. e6+ Ke8 43. Ne5 d4 44.
exd4 e3 45. Nf3 Ke7 46. Ke5 e2 47. a3 Ke8 48. Kd6 Kd8 49. Kxc6 Ke7 50. d5 Ke8 51. d6 e1=Q 52. Nxe1 a4 53. bxa4 Kd8 54. e7+ Ke8 55. Kc7 Kf7 56. Kd7 Kf6 57. e8=Q Kf5 58. Qe6+ Kf4 59.
Ke7 Kg3 60. d7 Kf2 61. d8=Q Kg3 62. Qg6+ Kf4 63. Qd4# 1

[Event "Torneo Nuevo Centro. Jornada 10"]
[Site "Chess.com"]
[Date "2020.08.21"]
[Round "8"]
[White "Zamora Soler, Raul"]
[Black "Luque Saiz, Andrés"]
[Result "0-1"]
[WhiteElo "1856"]
[BlackElo "2049"]
[TimeControl "180+2"]
[EndTime "12:00:45 PDT"]
[Termination "Victoria de Chuch1n por tiempo"]

1. e4 c6 2. d4 d5 3. e5 c5 4. c3 Nc6 5. Nf3 Bg4 6. Bb5 e6 7. Bxc6+ bxc6 8. h3 Bxf3 9. Qxf3 Qb6 10. dxc5 Bxc5 11. O-O Ne7 12. b4 Bxb4 13. cxb4 Qxb4 14. Ba3 Qd4 15. Qc3 Nf5 16. Qxd4 Nxd4 17. Nc3 Nc2 18. Bb2 Nxa1 19. Bxa1 Rb8 20. Na4 Rb4 21.
Nc5 Rb5 22. Rc1 Ke7 23. a4 Rb4 24. Bc3 Rc4 25. Bd2 Rxc1+ 26. Bxc1 f6 27. exf6+ gxf6 28.
Kf1 Rb8 29. Be3 e5 30. f3 Kd6 31. Nd3 Rb1+ 32. Ke2 d4 33. Bd2 c5 34. Nc1 c4 35.
Kd1 c3 36. Bh6 Ra1 37. Kc2 Rxa4 38. Kb3 Ra1 39. Kc2 Kd5 40. g4 Kc4 41. Bg7 Ra6 42.
h4 Rb6 43. Bf8 Rb2+ 44. Kd1 d3 45. Ba3 Rb1 46. g5 fxg5 47. hxg5 d2 48. Kc2 Rxc1+ 49.
Bxc1 dxc1=Q+ 50. Kxc1 Kb3 51. Kb1 c2+ 52. Kc1 a5 53. g6 hxg6 54. f4 exf4 55. Kd2 a4 56. Ke2 a3 57. Kd2 a2 58. Kd3 c1=Q 59. Ke4 Qe3+ 60.
Kd5 f3 0

[Event "Torneo Nuevo Centro. Jornada 10"]
[Site "Chess.com"]
[Date "2020.08.21"]
[Round "8"]
[White "Castellano López, Javier"]
[Black "Kovacevic, Slobodan"]
[Result "1-0"]
[WhiteElo "1934"]
[BlackElo "2290"]
[TimeControl "180+2"]
[EndTime "12:00:58 PDT"]
[Termination "Victoria de its_xavi_official por tiempo"]

1. e4 c5 2. Nc3 e6 3. g3 d6 4.
Bg2 Nf6 5. Nge2 a6 6. d3 Qc7 7. Be3 Nc6 8. h3 b5 9. Qd2 Bb7 10. O-O Be7 11. d4 cxd4 12. Nxd4 Ne5 13. Rae1 Rc8 14.
Re2 Nc4 15. Qc1 b4 16. Na4 Nxe4 17. b3 Ne5 18. Nxe6 fxe6 19. Bb6 Qd7 20. Bxe4 Bxe4 21. Rxe4 Nf3+ 22. Kg2 Ng5 23. Rxb4 e5 24. Rg4 Qc6+ 25. f3 Qxc2+ 26. Qxc2 Rxc2+ 27. Rf2 Rxf2+ 28. Bxf2 Kd7 29. h4 Ne6 30. Nb6+ Kc6 31. Rc4+ Kb7 32. Nd5 Bd8 33. Rb4+ Kc6 34. Ne3 a5 35. Rc4+ Kd7 36.
Nd5 Rf8 37. b4 axb4 38. Rxb4 Kc6 39. Ne3 d5 40. a4 Be7 41. Rb1 Nd4 42. Rc1+ Kd6 43.
Ng4 Nxf3 44. Bc5+ Ke6 45. Bxe7 Kxe7 46. Rf1 e4 47. a5 Ra8 48. Ra1 Ra6 49. Ne3 Kd6 50.
Nf5+ Ke5 51. Nxg7 d4 52. Ne8 d3 53. Nc7 Ra7 54. Nb5 Ra8 55. a6 1

[Event "Torneo Nuevo Centro. Jornada 10"]
[Site "Chess.com"]
[Date "2020.08.21"]
[Round "8"]
[White "Orts Tomás, Marc"]
[Black "Hassomal Daswani, Birjkumar"]
[Result "1-0"]
[WhiteElo "1862"]
[BlackElo "1795"]
[TimeControl "180+2"]
[EndTime "12:01:03 PDT"]
[Termination "Victoria de Rock-Bishop29 por abandono"]

1. c4 c6 2. Nf3 d6 3. g3 Nd7 4. Bg2 Qc7 5. O-O e5 6. d3 Ngf6 7. Nc3 Be7 8. Rb1 O-O 9. b4 Rb8 10. b5 Re8 11. a4 Nf8 12. Ba3 Ng6 13. Qb3 Be6 14. Qc2 d5 15. Bxe7 Rxe7 16. bxc6 bxc6 17.
Rxb8+ Qxb8 18. Rb1 Rb7 19. Rxb7 Qxb7 20. cxd5 cxd5 21.
Nb5 Qc8 22. Qxc8+ Bxc8 23. Nxa7 Bd7 24. Nb5 h6 25. Nd2 Kf8 26. Nb3 Ke7 27. h3 Nf8 28. Kf1 Ne6 29. Ke1 Kd8 30. Kd2 Ne8 31. Bxd5 N6c7 32.
Bc4 Bxh3 33. Bxf7 Nxb5 34. axb5 Nd6 35. Bc4 Kc7 36. Kc3 Kb6 37. Kb4 Bd7 38. d4 e4 39. Nc5 Bxb5 40. Bxb5 Nxb5 41. e3 Nd6 42. Ne6 g6 43. Nf8 g5 44. Nd7+ Kc6 45. Nf6 Kc7 46.
Kc5 Nf7 47. Nxe4 Kd7 48. d5 Ne5 49. Kd4 Ng4 50. f4 gxf4 51. exf4 h5 52. Ng5 Nf6 53. Ne4 Ng4 54. Nc5+ Kd6 55. Ne6 Nf6 56. Ng7 h4 57.
Nf5+ Kd7 58. Nxh4 Kd6 59. Nf5+ 1

[Event "Torneo Nuevo Centro. Jornada 10"]
[Site "Chess.com"]
[Date "2020.08.21"]
[Round "8"]
[White "Donate Peris, Jose Manuel"]
[Black "Gutierrez Marco, Dario"]
[Result "0-1"]
[WhiteElo "1537"]
[BlackElo "1829"]
[TimeControl "180+2"]
[EndTime "12:01:13 PDT"]
[Termination "Victoria de rususs por jaque mate"]

1. d4 Nf6 2. c4 c5 3. d5 e6 4. Nc3 exd5 5. cxd5 d6 6. e4 g6 7. Nf3 Bg7 8. Be2 O-O 9. Qc2 Bg4 10. O-O a6 11. h3 Bxf3 12. Bxf3 b5 13. Bg5 Nbd7 14. a3 Qc7 15. Rac1 Rfe8 16. Qd2 Ne5 17. Be2 Qb6 18. Be3 Ned7 19. f3 Qd8 20. Bg5 Qc7 21. Na2 Nh5 22. Nb4 Ng3 23. Rfd1 Qb6 24. Nc6 Ne5 25. Nxe5 Bxe5 26.
Be3 Qd8 27. Kf2 Qh4 28. Kg1 Nxe2+ 29. Qxe2 Qg3 30. Kf1 f5 31. Qf2 Qh2 32. exf5 Bg3 33. Qg1 Qxg1+ 34. Bxg1 gxf5 35. Bf2 f4 36. Bxg3 fxg3 37.
Rd3 Re5 38. f4 Rf5 39. Rxg3+ Kf7 40. Rf3 Rxd5 41. g4 Re8 42. Rc2 Rd1+ 43. Kf2 c4 44. f5 d5 45. h4 d4 46. b3 d3 47. Rc3 Re2+ 48. Kg3 Rg1+ 49. Kf4 d2 50. bxc4 d1=Q 51. cxb5 Qd4+ 52. Kg5 Qf6+ 53. Kf4 Qd6+ 54. Kg5 Re4 55. bxa6 Rexg4+ 56. Kh5 Qh2 57. Rc7+ Ke8 58. Re3+ Kd8 59. Ra7 Qxh4# 0

[Event "Torneo Nuevo Centro. Jornada 10"]
[Site "Chess.com"]
[Date "2020.08.21"]
[Round "8"]
[White "Chofre Murcia, Adrián"]
[Black "Tormos Beltran, Maite"]
[Result "1/2-1/2"]
[WhiteElo "1612"]
[BlackElo "1442"]
[TimeControl "180+2"]
[EndTime "12:01:18 PDT"]
[Termination "Tablas por repeticiÃ³n"]

1. e4 d5 2. exd5 Qxd5 3. Nc3 Qd6 4. Nf3 Nf6 5. d3 c6 6. g3 e5 7. Bg2 Nbd7 8. O-O Be7 9. Re1 O-O 10. Bg5 h6 11. Bxf6 Bxf6 12. Ne4 Qc7 13. Nxf6+ Nxf6 14. Nxe5 Re8 15. Nf3 Bg4 16. Rxe8+ Rxe8 17. Qd2 Nd5 18. Re1 Qd7 19. Rxe8+ Qxe8 20. c4 Nc7 21.
Qe3 Qe6 22. Qxe6 Nxe6 23. Ne5 Bf5 24. Be4 Bxe4 25. dxe4 Kf8 26. Kf1 Ke7 27. Ke2 f6 28. Nd3 Kd6 29. Ke3 Ng5 30. h4 Ne6 31. f4 g5 32. f5 Nc7 33. hxg5 hxg5 34. g4 Na6 35. a3 Nb8 36. b4 Nd7 37. Kd4 b5 38.
cxb5 cxb5 39. Nc5 Ne5 40. Nb7+ Kc6 41. Nd8+ Kd6 42. Ne6 Nxg4 43. Nf8 Ke7 44. Ng6+ Kd6 45. Nf8 Nf2 46. Nh7 Ke7 47. e5 Ng4 48. exf6+ Nxf6 49.
Nxg5 Nd7 50. Ne4 Nb6 51. Kc5 Nc4 52. Kxb5 Nxa3+ 53. Ka6 Nc2 54. b5 Nd4 55. f6+ Ke6 56. Ka5 Kf7 57. Kb4 Ne6 58. Kc4 Nc7 59. Kc5 Ne6+ 60.
Kd5 Nc7+ 61. Kc6 Ne6 62. Kd6 Nd4 63. Kc5 Ne6+ 64. Kc6 Nd4+ 65. Kc5 Ne6+ 1/2-1

[Event "Torneo Nuevo Centro. Jornada 10"]
[Site "Chess.com"]
[Date "2020.08.21"]
[Round "8"]
[White "Bendayán Claros, Aaron"]
[Black "Bercaru, Vlad Ionut"]
[Result "1-0"]
[WhiteElo "1982"]
[BlackElo "1748"]
[TimeControl "180+2"]
[EndTime "12:01:30 PDT"]
[Termination "Victoria de Cuajada_Zero por tiempo"]

1. d4 Nf6 2. Nf3 g6 3. g3 Bg7 4. Bg2 O-O 5. O-O d6 6. c3 Nc6 7. Re1 a6 8. e4 e5 9. d5 Ne7 10.
c4 Ne8 11. Nc3 f5 12. Ng5 h6 13. Ne6 Bxe6 14. dxe6 Qc8 15. Nd5 Qxe6 16. Nxe7+ Qxe7 17. exf5 gxf5 18. Qd5+ Kh8 19. Qxb7 Nf6 20. Bd2 Rab8 21. Qxa6 Rxb2 22. Bc3 Rb6 23. Qa3 Nd7 24. Bb4 e4 25. Rac1 Rfb8 26. Bc3 Nc5 27. f3 Nd3 28. fxe4 Nxc1 29.
Qxc1 Bxc3 30. Qxc3+ Qg7 31. Qd3 fxe4 32. Bxe4 c5 33.
a4 Qd4+ 34. Qxd4+ cxd4 35. Rd1 Ra6 36. Rxd4 Rxa4 37. Kg2 Ra6 38. Bd5 Rb2+ 39. Kh3 Raa2 40.
Re4 Rxh2+ 41. Kg4 h5+ 42. Kg5 Ra5 43. Kh6 Rxd5 44. cxd5 Kg8 45. Kg6 Kf8 46. Re3 h4 47. g4 Rg2 48. g5 Rg4 49. Re6 h3 50. Rxd6 h2 51. Rf6+ Ke7 52. Rf7+ Kd6 53. Rh7 Rg2 54. Kf6 Kxd5 55. g6 Rf2+ 56. Kg7 Ke6 57. Kg8 Rg2 58. g7 Ke7 59. Rh3 Rf2 60. Kh8 1

[Event "Torneo Nuevo Centro. Jornada 10"]
[Site "Chess.com"]
[Date "2020.08.21"]
[Round "9"]
[White "Birnoveanu, Petru"]
[Black "Ursariu, Nikolas Victor"]
[Result "1-0"]
[WhiteElo "1718"]
[BlackElo "1166"]
[TimeControl "180+2"]
[EndTime "12:04:12 PDT"]
[Termination "Victoria de piculet por jaque mate"]

1. e4 e5 2. Bc4 Bc5 3. Nf3 Nc6 4. O-O Nf6 5. d4 exd4 6. e5 Ng8 7. Nbd2 Nge7 8. Nb3 Bb6 9. Ng5 O-O 10. Qh5 h6 11.
Nxf7 Qe8 12. Nd6+ Kh7 13. Nxe8 g6 14. Qxh6# 1

[Event "Torneo Nuevo Centro. Jornada 10"]
[Site "Chess.com"]
[Date "2020.08.21"]
[Round "9"]
[White "Serarols Mabras, Bernat"]
[Black "Macias Pino, Diego"]
[Result "1/2-1/2"]
[WhiteElo "2472"]
[BlackElo "2269"]
[TimeControl "180+2"]
[EndTime "12:04:22 PDT"]
[Termination "Partida en tablas por mutuo acuerdo"]

1. d4 d5 2. c4 dxc4 3. e4 b5 4. a4 c6 5. axb5 cxb5 6. Nc3 a6 7. Nxb5 axb5 8. Rxa8 Bb7 9. Ra1 e6 10. Ne2 Bxe4 11. Nc3 Bc6 12. Be2 Nf6 13. O-O Be7 14. Be3 O-O 15. Bf3 Nd5 16. Nxd5 Bxd5 17. Bxd5 Qxd5 18.
Qf3 Qxf3 19. gxf3 Nc6 20. Ra6 1/2-1

[Event "Torneo Nuevo Centro. Jornada 10"]
[Site "Chess.com"]
[Date "2020.08.21"]
[Round "9"]
[White "Gil López, Alejandro"]
[Black "Sos Andreu, Eric"]
[Result "0-1"]
[WhiteElo "2209"]
[BlackElo "2519"]
[TimeControl "180+2"]
[EndTime "12:06:00 PDT"]
[Termination "Victoria de ericovski por abandono"]

1. e4 c6 2. d4 d5 3. Nc3 dxe4 4. Nxe4 Nf6 5. Ng3 h5 6. h4 Bg4 7. Be2 Qd5 8. Bf3 Bxf3 9. Nxf3 Nbd7 10. c3 e6 11. Qb3 Nb6 12. Qxd5 cxd5 13. Bf4 Rc8 14. O-O Be7 15. Rfe1 g6 16. Re2 O-O 17. Ne5 Nfd7 18. Nxd7 Nxd7 19. Bg5 Bxg5 20. hxg5 b5 21. a3 a5 22. Re3 Rb8 23. b4 Ra8 24. Rb1 Nb6 25. bxa5 Rxa5 26. Rb3 Rfa8 27. Ne2 Nc4 28. Rd3 Nxa3 29.
Rd2 Nc4 30. Rd1 Ra1 31. Rdb1 Nd2 0

[Event "Torneo Nuevo Centro. Jornada 10"]
[Site "Chess.com"]
[Date "2020.08.21"]
[Round "9"]
[White "Grigorev, Artur "]
[Black "Vicent Lázaro, Elena"]
[Result "1-0"]
[WhiteElo "922"]
[BlackElo "671"]
[TimeControl "180+2"]
[EndTime "12:06:21 PDT"]
[Termination "Victoria de Arturiog por jaque mate"]

1. e4 e6 2. d4 c5 3. d5 exd5 4. exd5 c4 5. Qe2+ Be7 6. d6 Nf6 7. dxe7 Qxe7 8. Qxe7+ Kxe7 9. Bxc4 Nc6 10. Nf3 Na5 11.
Bb3 Nxb3 12. axb3 b5 13. Nc3 b4 14. Nb5 Ba6 15. Nc7 Rac8 16. Nxa6 Rxc2 17. O-O Rg8 18. Re1+ Re2 19. Rxe2+ Kf8 20. Nxb4 Nh5 21. Rxa7 Nf4 22. Ra8# 1

[Event "Torneo Nuevo Centro. Jornada 10"]
[Site "Chess.com"]
[Date "2020.08.21"]
[Round "9"]
[White "Serrano Requena, Guillem"]
[Black "Aguado, Pablo Luis"]
[Result "0-1"]
[WhiteElo "1316"]
[BlackElo "1930"]
[TimeControl "180+2"]
[EndTime "12:07:30 PDT"]
[Termination "Victoria de PLAD_2006 por jaque mate"]

1. d4 d5 2. Nf3 Nf6 3. Bg5 Nbd7 4. c4 e6 5. cxd5 exd5 6. Nc3 Bb4 7. a3 Ba5 8. b4 Bb6 9. Nxd5 O-O 10. Nxb6 axb6 11.
e3 c6 12. Bd3 b5 13. O-O Nb6 14. Qc2 h6 15. Bh4 Nbd5 16. Nd2 g5 17. Bg3 Qe7 18.
Ne4 Nxe4 19. Bxe4 Nb6 20. Be5 f5 21. Bd3 Be6 22. f3 Bc4 23. e4 f4 24. g3 Rad8 25. gxf4 gxf4 26. Qg2+ Kh7 27. Qh3 Bxd3 28. Rf2 Rg8+ 29.
Kh1 Rdf8 30. Rg2 Rxg2 31. Kxg2 Nd7 32. Rg1 Nxe5 33. dxe5 Qxe5 34. Kh1 Rf7 35. Rd1 Be2 36. Rd8 Qa1+ 37. Kg2 Qf1# 0

[Event "Torneo Nuevo Centro. Jornada 10"]
[Site "Chess.com"]
[Date "2020.08.21"]
[Round "9"]
[White "Iravedra Ainkov, Francisco"]
[Black "Orts Tomás, Marc"]
[Result "0-1"]
[WhiteElo "1820"]
[BlackElo "1869"]
[TimeControl "180+2"]
[EndTime "12:07:49 PDT"]
[Termination "Victoria de Rock-Bishop29 por abandono"]

1. e4 c5 2. c3 Nf6 3. e5 Nd5 4. Nf3 e6 5. Bc4 d6 6. d4 cxd4 7. cxd4 Nc6 8. Bxd5 exd5 9. Nc3 dxe5 10. dxe5 Bb4 11.
Bd2 Be6 12. a3 Be7 13. Be3 O-O 14. Bd4 Nxd4 15. Nxd4 Qb6 16. Nxe6 fxe6 17. Qc2 Rac8 18. Qd2 Rf5 19. f4 Re8 20. g3 Rc8 21. Qf2 Bc5 22.
Qe2 Bd4 23. Rc1 Rff8 24. Qd2 Be3 25. Qd1 Bxc1 26. Qxc1 d4 0

[Event "Torneo Nuevo Centro. Jornada 10"]
[Site "Chess.com"]
[Date "2020.08.21"]
[Round "9"]
[White "Fente Fernandez, Jose Ignacio"]
[Black "Pardo Ruiz, Carlos"]
[Result "0-1"]
[WhiteElo "1508"]
[BlackElo "1690"]
[TimeControl "180+2"]
[EndTime "12:08:11 PDT"]
[Termination "Victoria de Carlitoscarlsen por abandono"]

1. e4 Nf6 2. e5 Nd5 3. c4 Nb6 4. d4 d6 5. Nc3 dxe5 6. dxe5 Qxd1+ 7. Nxd1 Nc6 8. Nf3 Bg4 9. c5 Nd7 10. e6 Bxe6 11. Be3 O-O-O 12. Bb5 Nce5 13. Nd4 Bd5 14. f3 c6 15. Nc3 cxb5 16. Nxd5 Nxc5 17. Nb4 Ned3+ 18. Nxd3 Nxd3+ 19. Kd2 Nxb2 20. Rab1 Na4 21. Rhc1+ Kb8 22. Ke2 a6 23. Bf4+ Ka8 24. Nxb5 axb5 25.
Rxb5 b6 26. Rb4 Nc5 27. Rxb6 Nd3 28. Ra6+ Kb7 29. Ra3 Nxc1+ 30. Bxc1 e5 31. Be3 Bxa3 0

[Event "Torneo Nuevo Centro. Jornada 10"]
[Site "Chess.com"]
[Date "2020.08.21"]
[Round "9"]
[White "Beneyto de Ramon, Guillermo"]
[Black "Carbonell Bofill, Carlos Eloy"]
[Result "0-1"]
[WhiteElo "1657"]
[BlackElo "1905"]
[TimeControl "180+2"]
[EndTime "12:08:18 PDT"]
[Termination "Victoria de MFCARLOS por jaque mate"]

1. c4 e5 2. Nc3 Nc6 3. g3 f5 4. d3 Nf6 5. Bg2 g6 6. Bg5 Bg7 7. Nf3 O-O 8. O-O h6 9. Bxf6 Bxf6 10. Nd2 f4 11. Nd5 Bg7 12. Ne4 Nd4 13. e3 f3 14.
Bh1 Ne2+ 15. Qxe2 fxe2 16. Rfe1 c6 17. Ndc3 d5 18. cxd5 cxd5 19. Nxd5 Bg4 20. Ndc3 Qxd3 21. Rac1 Rac8 22. Bg2 g5 23. h3 Bf3 24. Bxf3 Rxf3 25. Rxe2 Qxe4 26. Nxe4 Rxc1+ 27. Kg2 Rf7 28. Rd2 Bf8 29.
Nc3 Bb4 30. Rd8+ Rf8 31. Rd3 Bxc3 32. bxc3 Rc2 33. Rd5 Rfxf2+ 34. Kg1 Rfd2 35. Rxe5 Rd1# 0

[Event "Torneo Nuevo Centro. Jornada 10"]
[Site "Chess.com"]
[Date "2020.08.21"]
[Round "9"]
[White "Pardo Ruiz, Beatriz"]
[Black "Sanchis Bon, Sergi"]
[Result "1-0"]
[WhiteElo "1281"]
[BlackElo "998"]
[TimeControl "180+2"]
[EndTime "12:08:25 PDT"]
[Termination "Victoria de trizPR6 por jaque mate"]

1. e4 Nf6 2. Nf3 Nxe4 3. Nc3 Nxc3 4. dxc3 b6 5. Bf4 Bb7 6. Bc4 Nc6 7. O-O Na5 8. Bb3 Nxb3 9. axb3 Ba6 10. Re1 e6 11.
Rxa6 h6 12. Ra4 g5 13. Bg3 d6 14. Qd4 Rg8 15. Qe4 d5 16. Qe2 Qd7 17. Ne5 Qc8 18. Qb5+ Ke7 19. Nc6+ Kf6 20. Nxa7 Qd8 21. Nc6 Qc8 22.
Rxa8 Qxa8 23. Qe2 Qxc6 24. Be5+ Kg6 25. Qd3+ Kh5 26. Re3 Qa8 27. Rh3+ Kg4 28. Qf3# 1

[Event "Torneo Nuevo Centro. Jornada 10"]
[Site "Chess.com"]
[Date "2020.08.21"]
[Round "9"]
[White "Rabbani Perez, Oumaima "]
[Black "Valverde Alcaide, Miguel Alejandro"]
[Result "0-1"]
[WhiteElo "706"]
[BlackElo "910"]
[TimeControl "180+2"]
[EndTime "12:08:53 PDT"]
[Termination "Victoria de mentafurterei por jaque mate"]

1. e3 e5 2. Bc4 Qe7 3. Nf3 Nf6 4.
O-O d5 5. Be2 Bf5 6. Ng5 Nfd7 7.
Nf3 Nc5 8. Bb5+ c6 9. Ba4 b5 10. Bb3 e4 11. Ne1 Qg5 12. f4 Qg6 13. Nc3 Bg4 14.
Nf3 exf3 15. gxf3 Bxf3+ 16. Kf2 Bxd1 17. Rxd1 Nxb3 18. Rb1 Nc5 19. Rg1 Ne4+ 20. Nxe4 Qxe4 21. d3 Qf5 22. e4 Bc5+ 23. Kf1 dxe4 24. Rxg7 Qh3+ 25.
Rg2 Rg8 26. Bd2 Qxg2+ 27. Ke1 Qh1+ 28. Ke2 Qxb1 29. Ba5 Qxc2+ 30. Ke1 Qxd3 31. Bc7 Rg1# 0